 Dungeon Crawl Stone Soup version 0.31-a0-868-g674d60d6f7 (webtiles) character file.

Game seed: 10140251288874920799

98 javelincjr the Changeling (level 4, -1/35 HPs)
             Began as a Minotaur Shapeshifter on Oct 11, 2023.
             Slain by a sky beast (5 damage)
             ... on level 3 of the Dungeon.
             The game lasted 00:04:12 (2050 turns).

javelincjr the Changeling (Minotaur Shapeshifter)   Turns: 2050, Time: 00:04:13

Health: -1/35      AC:  6    Str: 20    XL:     4   Next: 44%
Magic:  3/3        EV: 12    Int:  7    God:
Gold:   114        SH:  0    Dex: 10    Spells: 3/3 levels left

rFire   . . .        p - +0 dagger (elec)
rCold   . . .        (no shield)
rNeg    . . .        a - +0 animal skin
rPois   .            (helmet currently unavailable)
rElec   .            (cloak currently unavailable)
rCorr   .            (gloves currently unavailable)
SInv    .            (boots currently unavailable)
Will    .....        k - amulet of the acrobat
Stlth   +            q - +4 ring of protection
HPRegen 0.25/turn    (no ring)
MPRegen 0.08/turn

%: acrobat
@: beast-form
A: beast (slay +2), horns 2, retaliatory headbutt
a: Begin Untransformation


You were on level 3 of the Dungeon.
You were a hulking beast.
You visited 1 branch of the dungeon, and saw 3 of its levels.

You collected 114 gold pieces.

Inventory:

Hand Weapons
 p - a +0 dagger of electrocution (weapon)
Missiles
 f - 5 poisoned darts
Armour
 a - a +0 animal skin (worn)
 h - a scarf of shadows
Jewellery
 k - an amulet of the acrobat (around neck)
 q - a +4 ring of protection (left hand)
Talismans
 c - a beast talisman (active)
 d - a flux talisman
Scrolls
 e - a scroll of poison {unknown}
 g - 3 scrolls of identify {unknown}
 i - a scroll of fear {unknown}
 m - a scroll of revelation {unknown}
 n - a scroll of enchant armour {unknown}
 o - 2 scrolls of amnesia {unknown}
Potions
 b - 2 potions of lignification
 j - a potion of brilliance {unknown}
 l - a potion of attraction {unknown}
 r - a potion of curing {unknown}


   Skills:
 - Level 1.5 Fighting
 - Level 2.4 Dodging
 - Level 3.4 Unarmed Combat
 * Level 3.9 Shapeshifting


You had 3 spell levels left.
You didn't know any spells.
Your spell library contained the following spells:

 Spells                   Type           Power      Damage    Failure   Level
 Apportation              Tloc           0%         N/A       43%         1
 Magic Dart               Conj           0%         1d3       43%         1
 Call Imp                 Summ           0%         N/A       56%         2
 Jinxbite                 Hex            0%         N/A       56%         2
 Scorch                   Fire           0%         2d5       56%         2
 Mephitic Cloud           Conj/Pois/Air  0%         N/A       80%         3
 Flame Wave               Conj/Fire      0%         2d4       99%         4
 Alistair's Intoxication  Tmut/Pois      0%         N/A       100%        5
 Summon Cactus Giant      Summ           0%         N/A       100%        6


Dungeon Overview and Level Annotations

Branches:
Dungeon (3/15)

Altars:
Qazlal


Innate Abilities, Weirdness & Mutations

You are a hulking beast.
Your limbs bulge with bestial killing power. (Slay +2)
You have a pair of horns on your head.
You reflexively headbutt those who attack you in melee.


Message History

You barely miss the sky beast. The sky beast closely misses you.
You hit the sky beast. Your headbutt misses the sky beast.
The sky beast is lightly wounded.
The sky beast hits you but does no damage.
You hit the sky beast.
The sky beast is moderately wounded.
The sky beast hits you. The sky beast shocks you.
You completely miss the sky beast.
The sky beast is moderately wounded.
The ball python closely misses you. x2; The sky beast hits you.
The sky beast shocks you.
You barely miss the sky beast.
The sky beast is moderately wounded.
The ball python closely misses you. You furiously retaliate!
You headbutt the ball python.
You kill the ball python!
The sky beast hits you but does no damage.
You hit the sky beast.
The sky beast is moderately wounded.
The sky beast hits you but does no damage.
You hit the sky beast but do no damage.
The sky beast is moderately wounded.
The sky beast hits you but does no damage.
You miss the sky beast. You headbutt the sky beast!
The sky beast is heavily wounded.
The sky beast flickers out of sight!
Deactivating autopickup; reactivate with Ctrl-A.
Something hits you. Something shocks you.
You hit something. Something hits you. Something shocks you.
* * * LOW HITPOINT WARNING * * *
You miss something. Something hits you but does no damage.
You closely miss something. Your headbutt misses something.
Something hits you but does no damage.
You hit something. Your headbutt misses something.
A sky beast appears from thin air!
Reactivating autopickup.
The sky beast hits you.
* * * LOW HITPOINT WARNING * * *
The sky beast shocks you.
You die...

.# .# #######.####
#..........##
#...#.#......
#..#...#..###
######.#..†..#.... ....
#........Yh....... ....
#......#.....#.... ....#
#.......#..$#.....
....###........#.#......
......#.................
......##'###...###....##
......#..###.### .$..
......>......... ...+
......##'#######


You could see a sky beast.

Vanquished Creatures
  An orc priest (D:3)
  2 adders (D:2)
  2 dart slugs
  5 orcs (D:3)
  4 endoplasms
  A giant cockroach (D:1)
  3 goblins
  7 hobgoblins
  A quokka (D:3)
  6 ball pythons
  2 bats
  A frilled lizard (D:2)
  3 kobolds
  4 rats
42 creatures vanquished.

Notes
Turn   | Place    | Note
-------+----------+-------------------------------------------
     0 | D:1      | javelincjr the Minotaur Shapeshifter began the quest for
                  | the Orb.
     0 | D:1      | Reached XP level 1. HP: 16/16 MP: 0/0
   192 | D:1      | Reached XP level 2. HP: 21/23 MP: 1/1
  1135 | D:2      | Reached XP level 3. HP: 28/28 MP: 2/2
  1884 | D:3      | Reached XP level 4. HP: 21/35 MP: 3/3
  2031 | D:3      | Found a stormy altar of Qazlal.
  2031 | D:3      | Noticed a sky beast
  2050 | D:3      | Slain by a sky beast

Illustrated notes

Levels and vault maps discovered:
D:1:      spicycebolla_arrival_xxxplode, layout_basic, serial_forest,
          infiniplex_forest_fountain, infiniplex_forest_straight_2,
          infiniplex_forest_clump_small, infiniplex_forest_clump_curved,
          infiniplex_forest_clump_double, infiniplex_forest_straight_5,
          infiniplex_forest_clump_long, infiniplex_forest_diagonal,
          infiniplex_forest_end_1, eino_curves_04, hangedman_decor_opposing
D:2:      layout_basic
D:3:      layout_basic, nicolae_qazlal_beasts_of_the_sky, serial_rivers,
          chequers_serial_rivers_micro_e, chequers_serial_rivers_micro_a,
          chequers_serial_rivers_micro_d, chequers_serial_rivers_room_a,
          chequers_serial_rivers_room_a, chequers_serial_rivers_small_b

Skill      XL: |  1  2 |
---------------+-------+-----
Shapeshifting  | 3 |  3.9
Fighting       | |  1.5
Dodging        | |  2.4
Unarmed Combat | |  3.4

Action                     |  1- 3 |  4- 6 || total
---------------------------+-------+-------++-------
  Melee: Unarmed           |    66 |       ||    66
         Headbutt          |     7 |     2 ||     9
         Dagger            |     8 |    20 ||    28
         Punch             |     2 |       ||     2
 Armour: Animal skin       |    35 |    15 ||    50
  Dodge: Dodged            |    33 |    15 ||    48

Table legend: (Time is in decaauts)
 A = Elapsed time spent in this place.
 B = Non-inter-level travel time spent in this place.
 C = Inter-level travel time spent in this place.
 D = Time resting spent in this place.
 E = Time spent auto-exploring this place.
 F = Levels seen in this place.
 G = Mean time per level.
                   A        B        C        D        E       F      G
               +--------+--------+--------+--------+--------+-----+--------+
         Total |   2046 |   1999 |     47 |      0 |   1746 |   3 |  682.0 |
       Dungeon |   2046 |   1999 |     47 |      0 |   1746 |   3 |  682.0 |
               +--------+--------+--------+--------+--------+-----+--------+

Top non-repeatable levels by time:
     D:1: 992 daAuts
     D:2: 577 daAuts
     D:3: 476 daAuts
